cohdb
Replays
Latest Replays
All Replays
Popular Replays
Top Player Replays
Match Explorer
How It Works
Community
CoH3 Stats
Reddit
Sign in to upload your games and track your stats! →
Sign in with Steam
Match 47176487
Unlisted
Match 47176487
Overview
Messages
Build Orders
End
Construct Infanterie Kompanie
Pioneer Squad
Selects Terror Battlegroup
Selects Machine Gun Camouflage
MG 42 Machine Gun Team
Grenadier Squad
MG 42 Machine Gun Team
Grenadier Squad
Infanterie Officer Quarters
Construct Luftwaffe Kompanie
MG 42 Machine Gun Team
Flak 30 Anti-aircraft Gun Team
Selects Contempt for the Weak
Support Elements
Jäger Squad
Wirbelwind Flakpanzer
Medical Station
Luftwaffe Officer Quarters
Wirbelwind Flakpanzer
Selects Propaganda Leaflet Drop
Jäger Squad
Marder III M Tank Destroyer
Raiden
帝国大机霸贝克尔少校
-AL- Nimahfrosch
PutPut-AutistInPerfection
0
0
Comments
sign in to comment!
No comments posted yet!